 Dungeon Crawl Stone Soup version 0.30-a0-605-gb2882149bf (console) character file.

Game seed: 8922615600053797902

10816 jejorda2 the Impaler (level 11, -4/121 HPs)
             Began as a Merfolk Berserker on Jan 7, 2023.
             Was a High Priest of Trog.
             Slain by a lindwurm simulacrum (13 damage)
             ... in an ice cave.
             The game lasted 00:26:06 (11329 turns).

jejorda2 the Impaler (Merfolk Berserker)           Turns: 11329, Time: 00:26:07

Health: -4/121     AC: 21    Str: 21    XL:     11   Next: 68%
Magic:  11/11      EV:  8    Int:  8    God:    Trog [*****.]
Gold:   291        SH:  0    Dex: 13    Spells: 10/10 levels left

rFire   . . .      SeeInvis .    a - +1 glaive (freeze)
rCold   . . .      Faith    .    (shield currently unavailable)
rNeg    . . .      Spirit   .    E - +0 plate armour
rPois   .          Reflect  .    n - +0 helmet
rElec   .          Harm     .    A - +1 cloak
rCorr   .          Rampage  .    (no gloves)
Will    +....                    C - +0 pair of boots Stlth
                                 (no amulet)
HPRegen 0.40/turn                m - ring of willpower
MPRegen 0.12/turn                f - +4 ring of protection

@: berserking, very quick
A: (nimble swimmer 2), mertail
a: Renounce Religion, Berserk, Trog's Hand, Brothers in Arms


You were in an ice cave.
You worshipped Trog.
Trog was extremely pleased with you.
You visited 1 branch of the dungeon, and saw 11 of its levels.
You also visited: Sewer and Ice Cave.

You collected 590 gold pieces.
You spent 299 gold pieces at shops.

Inventory:

Hand Weapons
 a - a +1 glaive of freezing (weapon)
 b - a +0 trident
 r - the +9 mace of Recklessness {freeze, Fly Str+3}
   (You found it on level 5 of the Dungeon)

   Str:       It affects your strength (+3).
   Fly:       It grants you flight.
Missiles
 d - 19 stones (quivered)
 t - 48 poisoned darts
 u - 7 curare-tipped darts
 D - 4 datura-tipped darts
 J - 7 boomerangs
Armour
 n - a +0 helmet (worn)
 A - a +1 cloak (worn)
 C - a +0 pair of boots (worn)
 E - a +0 plate armour (worn)
 I - a +1 ring mail of poison resistance
Jewellery
 f - a +4 ring of protection (right hand)
 m - a ring of willpower (left hand)
Wands
 e - a wand of flame (15)
 k - a wand of roots (4)
 l - a wand of paralysis (5)
 o - a wand of quicksilver (12)
Scrolls
 g - a scroll of summoning
 h - a scroll of teleportation
 q - 2 scrolls of blinking
 w - a scroll of enchant weapon
 y - 2 scrolls of magic mapping
 F - a scroll of immolation
Potions
 c - a potion of degeneration {unknown}
 i - 4 potions of curing
 j - 2 potions of berserk rage
 p - 4 potions of flight
 s - 2 potions of heal wounds
 v - 2 potions of resistance
 x - 3 potions of might
 B - 2 potions of cancellation {unknown}
 H - 2 potions of ambrosia
 L - 2 potions of haste {unknown}


   Skills:
 - Level 6.0 Fighting
 * Level 17.2 Polearms
 - Level 6.0 Throwing
 - Level 6.0 Armour
 - Level 6.0 Dodging
 + Level 4.5 Evocations


You had 10 spell levels left.
You didn't know any spells.
Your spell library was empty.

Dungeon Overview and Level Annotations

Branches:
Dungeon (11/15)            Temple (0/1) D:7            Lair (0/5) D:11
    Orc (0/2) D:9           Sewer (visited)           IceCv (1/1)

Altars:
Ashenzari
Dithmenos
Fedhas
Makhleb
Qazlal
Vehumet
Wu Jian
Xom
The Shining One

Shops:
D:4 *   D:5 (   D:8 :   D:9 ?*

Annotations:
D:10 1 runed translucent door, Shayle's ghost, journeyman TeRe


Innate Abilities, Weirdness & Mutations

((You are very nimble when in or above water. (Stealth+, EV+, Speed+++)))
Your lower body shifts to a powerful aquatic tail in water.


Message History

No target in view!
You see here a rime drake corpse.
There is a frozen archway here.
The world spins around you as you enter the gateway.
You enter an ice cave!
Found an ice covered gate leading back out of this place.
There is an ice choked empty arch of ancient stone here.
You hit the komodo dragon simulacrum but do no damage.
You slash the komodo dragon simulacrum!
The komodo dragon simulacrum is heavily damaged.
The komodo dragon simulacrum bites you but does no damage.
You slash the komodo dragon simulacrum!
The komodo dragon simulacrum is severely damaged.
The komodo dragon simulacrum bites you but does no damage.
The komodo dragon simulacrum bites you!
The komodo dragon simulacrum freezes you!!
You slice the komodo dragon simulacrum!!
The komodo dragon simulacrum vaporises!
Trog accepts your kill.
The komodo dragon simulacrum completely misses you.
You slash the komodo dragon simulacrum!
The komodo dragon simulacrum is heavily damaged.
You barely miss the komodo dragon simulacrum.
The komodo dragon simulacrum is heavily damaged.
The komodo dragon simulacrum bites you.
The komodo dragon simulacrum freezes you!
The lindwurm simulacrum barely misses you.
The lindwurm simulacrum claws you but does no damage.
The lindwurm simulacrum closely misses you.
You are too injured to fight recklessly!
A red film seems to cover your vision as you go berserk!
You feel yourself moving faster!
You feel mighty! The komodo dragon simulacrum bites you!
* * * LOW HITPOINT WARNING * * *
The komodo dragon simulacrum freezes you!!
* * * LOW HITPOINT WARNING * * *
The lindwurm simulacrum bites you.
* * * LOW HITPOINT WARNING * * *
The lindwurm simulacrum freezes you!
You die...

#### ##.@##
##
##..ZZ##..##
#..........#
#.∩.∩.......
#.......##..
##....### .
##..## ####


You could see a komodo dragon simulacrum and a lindwurm simulacrum.

Vanquished Creatures
  2 two-headed ogres
  2 rime drakes (D:11)
  A kobold demonologist (D:10)
  A hornet (D:10)
  Grinder (D:5)
  A shadow (D:9)
  24 yaks
  A wyvern (D:9)
  2 steam dragons
  2 two-headed ogre zombies (D:9)
  2 water moccasins
  5 orc warriors
  2 sky beasts
  2 black bears
  An ogre (D:6)
  3 centaurs
  3 phantoms
  4 bullfrogs
  7 kobold brigands
  A gnoll sergeant (D:10)
  2 scorpions
  3 wights (D:6)
  2 troll zombies (D:9)
  10 killer bees (D:9)
  An electric eel (D:10)
  A komodo dragon simulacrum (IceCv)
  3 jellies
  4 hounds
  5 orc priests
  3 iguanas
  6 orc wizards
  Natasha (thrice) (D:3)
  4 ogre zombies (D:9)
  5 gnolls (D:10)
  14 adders
  2 river rats (Sewer)
  2 shadow imps (D:7)
  A white imp (D:5)
  3 dart slugs
  2 worms
  38 orcs
  5 bats
  6 endoplasms
  2 giant cockroaches
  4 goblins
  8 hobgoblins
  14 kobolds
  3 quokkas
  9 ball pythons
  4 frilled lizards
  2 goblin skeletons (D:9)
  2 goblin zombies (D:9)
  3 hobgoblin zombies (D:9)
  2 orc skeletons (D:9)
  16 orc zombies (D:9)
  8 rats
269 creatures vanquished.

Vanquished Creatures (others)
  2 withered plants (D:10)
2 creatures vanquished.

Grand Total: 271 creatures vanquished

Notes
Turn   | Place    | Note
-------+----------+-------------------------------------------
     0 | D:1      | jejorda2 the Merfolk Berserker began the quest for the Orb.
     0 | D:1      | Reached XP level 1. HP: 18/18 MP: 1/1
   333 | D:1      | Reached XP level 2. HP: 24/24 MP: 2/2
   957 | D:2      | Reached XP level 3. HP: 30/30 MP: 3/3
  1059 | D:2      | Reached ** piety under Trog
  1327 | D:2      | Found a faded altar of an unknown god.
  1571 | D:3      | Reached XP level 4. HP: 37/37 MP: 4/4
  1597 | D:3      | Found a glowing golden altar of the Shining One.
  1597 | D:3      | Found a stormy altar of Qazlal.
  1597 | D:3      | Found a broken altar of Ashenzari.
  1620 | D:3      | Found a blossoming altar of Fedhas.
  1650 | D:3      | Identified the +2 leather armour of Demons {Int+2}
  2045 | D:3      | Noticed Natasha
  2052 | D:3      | Killed Natasha
  2053 | D:3      | Reached skill level 5 in Polearms
  2486 | D:3      | Noticed Natasha
  2498 | D:3      | Killed Natasha
  2499 | D:3      | Reached XP level 5. HP: 40/43 MP: 5/5
  2554 | D:3      | Found a glowing golden altar of the Shining One.
  2554 | D:3      | Found a stormy altar of Qazlal.
  2554 | D:3      | Found a broken altar of Ashenzari.
  2558 | D:3      | Found a blossoming altar of Fedhas.
  2602 | D:3      | Noticed Natasha
  2614 | D:3      | Killed Natasha
  2650 | D:4      | Noticed a black bear
  2656 | D:4      | Found a shadowy altar of Dithmenos.
  2662 | D:4      | Killed a black bear
  2663 | D:4      | Reached skill level 5 in Dodging
  2663 | D:4      | Reached XP level 6. HP: 50/50 MP: 6/6
  2758 | D:4      | Reached skill level 5 in Fighting
  2758 | D:4      | Reached skill level 6 in Polearms
  3082 | D:4      | You fall into a shaft and drop 1 floor!
  3082 | D:5      | Entered Level 5 of the Dungeon
  3083 | D:5      | Noticed a water moccasin
  3093 | D:5      | Killed a water moccasin
  3094 | D:5      | Reached XP level 7. HP: 56/56 MP: 7/7
  3103 | D:5      | Found Dohutz's Weapon Boutique.
  3108 | D:5      | Identified the +9 mace of Recklessness {freeze, Fly Str+3}
  3115 | D:5      | Bought 4 datura-tipped darts for 16 gold pieces
  3174 | D:5      | Found a glowing drain.
  3193 | Sewer    | Entered a sewer
  3294 | Sewer    | Reached skill level 7 in Polearms
  3318 | Sewer    | Reached skill level 8 in Polearms
  3620 | Sewer    | Reached skill level 9 in Polearms
  3620 | Sewer    | Reached XP level 8. HP: 54/64 MP: 8/8
  3948 | D:5      | Found a shimmering altar of Xom.
  4054 | D:5      | Reached skill level 10 in Polearms
  4059 | D:5      | Found a radiant altar of Vehumet.
  4100 | D:5      | Noticed Grinder
  4109 | D:5      | Killed Grinder
  4110 | D:5      | Reached skill level 1 in Throwing
  4469 | D:4      | Reached *** piety under Trog
  4716 | D:4      | Found Jaippopp's Neck Hole.
  4722 | D:4      | Bought a +1 cloak for 126 gold pieces
  4851 | D:4      | Reached skill level 11 in Polearms
  5317 | D:6      | Reached XP level 9. HP: 52/69 MP: 9/9
  5446 | D:6      | Reached skill level 12 in Polearms
  6143 | D:7      | Noticed a two-headed ogre
  6158 | D:7      | Killed a two-headed ogre
  6159 | D:7      | Reached skill level 13 in Polearms
  6572 | D:7      | Reached XP level 10. HP: 54/76 MP: 10/10
  6717 | D:7      | Reached **** piety under Trog
  7075 | D:7      | Found a staircase to the Ecumenical Temple.
  7225 | D:8      | Reached skill level 5 in Throwing
  7675 | D:8      | Found Jejoacom's Book Boutique.
  7856 | D:8      | Reached skill level 14 in Polearms
  8235 | D:9      | Noticed a two-headed ogre
  8242 | D:9      | Killed a two-headed ogre
  8289 | D:9      | Found Adwuqiuh's Assorted Antiques.
  8607 | D:9      | Reached skill level 15 in Polearms
  8609 | D:9      | Reached skill level 5 in Armour
  8678 | D:9      | Bought a lumpy inky potion for 24 gold pieces
  8850 | D:9      | Reached skill level 1 in Evocations
  9160 | D:9      | Found a staircase to the Orcish Mines.
  9192 | D:9      | Reached XP level 11. HP: 52/81 MP: 11/11
  9442 | D:9      | Found Dohugresk's Book Emporium.
  9487 | D:9      | Found Giquh's Magic Scroll Emporium.
  9493 | D:9      | Bought a scroll of summoning for 133 gold pieces
  9577 | D:10     | Entered Level 10 of the Dungeon
  9584 | D:10     | Paralysed by a hornet for 2 turns
  9843 | D:10     | Identified the +9 falchion of the Mouth {elec, rN+}
  9993 | D:10     | Reached skill level 16 in Polearms
 10261 | D:10     | Noticed a sixfirhy
 10758 | D:10     | Found a runed translucent door.
 10758 | D:10     | Noticed Shayle's ghost (journeyman TeRe)
 10804 | D:10     | Reached ***** piety under Trog
 10928 | D:10     | Reached skill level 17 in Polearms
 11053 | D:10     | Found an ornate altar of the Wu Jian Council.
 11118 | D:10     | Found a burning altar of Makhleb.
 11304 | D:11     | Found a frozen archway.
 11318 | IceCv    | Entered an ice cave
 11329 | IceCv    | Slain by a lindwurm simulacrum

Illustrated notes

Levels and vault maps discovered:
D:1:      shiori_shiawase, layout_basic, grunt_decor_clamped, minmay_3d_cube
D:2:      layout_rooms, dreamdust_ecumenical_altar_angels_and_demons
D:3:      layout_loops_ring, grunt_temple_overflow_open, uniq_natasha
D:4:      layout_cave_pods, nicolae_dithmenos_the_darkroom,
          nicolae_shop_sticking_my_neck_out
D:5:      layout_basic, vehumet_crystals, lemuel_round_altar,
          gup_sewer_entry_glass, serial_shops, nicolae_square_shop, uniq_grinder
D:6:      layout_loops_ring
D:7:      layout_loops_ring, minmay_temple_entry_nine_rooms
D:8:      layout_gridville, serial_shops, kennysheep_mini, minmay_misc_feat_iff
D:9:      layout_roguey, zombieorc2_lemuel, serial_shops,
          nicolae_shop_hallway_plus, nicolae_shop_window_shopping,
          nicolae_shop_hallway_stairs
D:10:     argonaut_augean_stables, layout_loops_corners, kennysheep_little_box,
          mainiacjoe_overflow_alcove_2, gammafunk_ghost_grave
D:11:     layout_basic, lair_entry_dummy, serial_shops, kennysheep_mini_moat,
          portal_ice_cave_rime, uniq_fannar, uniq_erica
IceCv:    ice_cave_small_dragons

Skill      XL: |  1  2  3  4  5  6  7  8  9 10 11 |
---------------+----------------------------------+-----
Dodging        | 3 4 5 6 |  6.0
Fighting       | 4 5 6 |  6.0
Polearms       | 5 6 9 11 13 15 17 | 17.2
Throwing       | 2 4 6 |  6.0
Armour         | 2 4 5 6 |  6.0
Evocations     | 1 4 |  4.5

Action                   |  1- 3 |  4- 6 |  7- 9 | 10-12 || total
-------------------------+-------+-------+-------+-------++-------
Melee: Spear             |   104 |   111 |     5 |       ||   220
       Punch             |       |     1 |       |       ||     1
       Mace              |       |       |   112 |       ||   112
       Glaive            |       |       |   110 |   408 ||   518
       Trident           |       |       |    16 |       ||    16
       Tailslap          |       |       |       |     2 ||     2
Throw: Stone             |     1 |     3 |    14 |    43 ||    61
       Dart              |       |       |     5 |     9 ||    14
Invok: Berserk           |       |     6 |     3 |     4 ||    13
       Trog's Hand       |       |     1 |     3 |       ||     4
  Use: Scroll            |       |       |     2 |    19 ||    21
Armor: Ring mail         |    18 |     7 |       |       ||    25
       Chain mail        |       |    34 |    58 |       ||    92
       Plate armour      |       |       |    60 |   184 ||   244
Dodge: Dodged            |    29 |    27 |    86 |   101 ||   243

Table legend: (Time is in decaauts)
 A = Elapsed time spent in this place.
 B = Non-inter-level travel time spent in this place.
 C = Inter-level travel time spent in this place.
 D = Time resting spent in this place.
 E = Time spent auto-exploring this place.
 F = Levels seen in this place.
 G = Mean time per level.
                   A        B        C        D        E       F      G
               +--------+--------+--------+--------+--------+-----+--------+
         Total |  11256 |  10721 |    535 |    841 |   8107 |  13 |  865.8 |
       Dungeon |  10678 |  10143 |    535 |    841 |   7705 |  11 |  970.7 |
         Sewer |    568 |    568 |      0 |      0 |    401 |   1 |  568.0 |
      Ice Cave |     10 |     10 |      0 |      0 |      0 |   1 |   10.0 |
               +--------+--------+--------+--------+--------+-----+--------+

Top non-repeatable levels by time:
    D:10: 1670 daAuts
     D:3: 1401 daAuts
     D:9: 1355 daAuts
     D:6: 1150 daAuts
     D:4: 981 daAuts
     D:8: 946 daAuts
     D:7: 912 daAuts
     D:1: 904 daAuts
     D:5: 746 daAuts
   Sewer: 568 daAuts
     D:2: 561 daAuts
    D:11: 48 daAuts
   IceCv: 10 daAuts
